 Dungeon Crawl Stone Soup version 0.17-a0-1738-g82cdc46 (webtiles) character file.

161 kae the Insei (level 5, 41/41 HPs)
             Began as a Demonspawn Monk on Aug 30, 2015.
             Quit the game on level 3 of the Dungeon.
             The game lasted 00:02:16 (2591 turns).

kae the Insei (Demonspawn Monk)                     Turns: 2591, Time: 00:02:16

Health: 41/41      AC:  3    Str: 11    XL:     5   Next: 18%
Magic:  5/5        EV: 13    Int: 11    God:
Gold:   132        SH:  0    Dex: 17    Spells: 0 memorised, 4 levels left

rFire  . . .     SeeInvis .       - Unarmed
rCold  . . .     Clarity  .     a - +0 robe
rNeg   . . .     SustAt   .     (no shield)
rPois  .         Gourm    .     (helmet restricted)
rElec  .         Spirit   .     (no cloak)
rCorr  .         Warding  .     (no gloves)
rMut   .         Stasis   .     i - +0 pair of boots
MR     .....                    (no amulet)
Stlth  ++........               (no ring)
                                (no ring)

@: not resistant to hostile enchantments, unstealthy
A: antennae 1, powered by death 2
a: no special abilities


You were on level 3 of the Dungeon.
You were not hungry.

You visited 1 branch of the dungeon, and saw 3 of its levels.

You collected 132 gold pieces.

Inventory:

Armour
 a - a +0 robe (worn)
 i - a +0 pair of boots (worn)
Jewellery
 o - an uncursed amulet of the gourmand {unknown}
 r - an uncursed ring of positive energy {unknown}
Magical devices
 m - a wand of slowing (29)
Scrolls
 c - 3 scrolls of teleportation {unknown}
 f - 4 scrolls of identify {unknown}
 n - a scroll of enchant weapon {unknown}
 p - a scroll of blinking {unknown}
 q - 2 scrolls of remove curse {unknown}
Potions
 d - 2 potions of agility {unknown}
 e - 2 potions of curing {unknown}
 j - a potion of lignification {unknown}
 k - a potion of mutation {unknown}
 l - a potion of might {unknown}
 t - a potion of brilliance {unknown}
Books
 u - a book of Maledictions

   Spells                             Type                      Level
   a - Corona                         Hexes                        1
   b - Ensorcelled Hibernation        Hexes/Ice                    2
   c - Confuse                        Hexes                        3
   d - Tukima's Dance                 Hexes                        3
   e - Dazzling Spray                 Conjuration/Hexes            3
Comestibles
 b - 5 bread rations
 g - a meat ration
 h - a beef jerky
 s - a chunk of flesh


   Skills:
 - Level 3.0 Fighting
 - Level 2.6 Dodging
 - Level 1.7 Stealth
 + Level 5.9 Unarmed Combat


You had 4 spell levels left.
You didn't know any spells.

Dungeon Overview and Level Annotations

Branches:
Dungeon (3/15)

Altars:
Yredelemnul


Innate Abilities, Weirdness & Mutations

You have a pair of small antennae on your head.
You regenerate health from kills.


Message History

The giant frog skeleton hits you.
You hit the giant frog skeleton. The giant frog skeleton hits you.
You hit the giant frog skeleton. The giant frog skeleton hits you.
You barely miss the giant frog skeleton.
The giant frog skeleton misses you.
The giant frog skeleton hits you but does no damage.
You hit the giant frog skeleton.
The giant frog skeleton closely misses you.
You punch the giant frog skeleton!
You destroy the giant frog skeleton!
You have reached level 5!
Your demonic ancestry asserts itself...
A pair of antennae grows on your head!
You start resting.
HP restored.
You feel less regenerative.
q - 2 scrolls labeled NENIGR BACAU (gained 1)
Found a stone staircase leading up.
u - a book of Maledictions Are you sure you want to abandon this character and quit the game? (Confirm with "yes".)

#. ## .. .# .. .#
#. .# #. †# #.#.#
#. .# #.#.#
#.###.### .# #.#.#
#....#..# .# #<#.#
#@#.###### .# #.#.#
####.#<.....# .#
#.#.##
#....######.#
.####....####.#####
#.#
..........^)......#
###.#
.........###..###.#
#...# ......#.##
#..# #.# #.###
......#.# #..# #.#
#.# ####.##.#
#..###.###.#


There were no monsters in sight!

Vanquished Creatures
  A giant frog skeleton (D:3)
  2 gnolls (D:2)
  An adder (D:2)
  3 river rats (D:2)
  2 worms (D:2)
  2 giant geckos
  7 giant cockroaches
  7 goblins
  8 hobgoblins
  8 jackals
  9 kobolds
  A ball python (D:2)
  6 bats
  3 giant newts
  4 rats
64 creatures vanquished.

Vanquished Creatures (others)
  2 plants (D:2)
2 creatures vanquished.

Grand Total: 66 creatures vanquished

Notes
Turn   | Place    | Note
--------------------------------------------------------------
     0 | D:1      | kae the Demonspawn Monk began the quest for the Orb.
     0 | D:1      | Reached XP level 1. HP: 18/18 MP: 1/1
   148 | D:1      | Reached skill level 4 in Unarmed Combat
   223 | D:1      | Gained mutation: You regenerate a little health from kills. [demonic ancestry]
   223 | D:1      | Reached XP level 2. HP: 24/24 MP: 2/2
   663 | D:1      | Gained mutation: You regenerate health from kills. [demonic ancestry]
   663 | D:1      | Reached XP level 3. HP: 29/29 MP: 3/3
  1509 | D:2      | Reached skill level 5 in Unarmed Combat
  1527 | D:2      | Reached XP level 4. HP: 30/35 MP: 4/4
  1556 | D:2      | Found a basalt altar of Yredelemnul.
  2551 | D:3      | Gained mutation: You have a pair of small antennae on your head. [demonic ancestry]
  2551 | D:3      | Reached XP level 5. HP: 24/41 MP: 5/5
  2591 | D:3      | Quit the game

Vault maps used:
D:1:      dpeg_arrival_circle_labyrinth_c, minmay_tree_intersection,
          st_stairs_11
D:2:      wad_woods_stonehenge
D:3:      bloody_makhleb, overflow_temple_1_default, first_bread,
          ecumenical_altar_2, grunt_gozag_statues

Action                   |  1- 3 |  4- 6 || total
-------------------------+-------+-------++-------
Melee: Unarmed           |   178 |   118 ||   296
 Stab: Sleeping          |     6 |     3 ||     9
       Distracted        |       |     1 ||     1
  Eat: Chunk             |     1 |     5 ||     6
